 Dungeon Crawl Stone Soup version 0.27.0-1-g7a089689b8 (webtiles) character file.

Game seed: 13953275486781493154

590 kobby the Vexing (level 7, -3/51 HPs)
             Began as a Vampire Arcane Marksman on Aug 13, 2021.
             Was an Initiate of Dithmenos.
             Slain by an ice beast (6 damage)
             ... on level 6 of the Dungeon.
             The game lasted 00:17:23 (4916 turns).

kobby the Vexing (Vampire Arcane Marksman)          Turns: 4916, Time: 00:17:24

Health: -3/51      AC:  4    Str:  8 (9)  XL:     7   Next: 16%
Magic:  8/8        EV: 12    Int: 13 (15) God:    Dithmenos [......]
Gold:   161        SH:  0    Dex: 17      Spells: 4/8 levels left

rFire    . . .     SeeInvis +   h - +0 short sword
rCold    . . .     Faith    .   (no shield)
rNeg     . . .     Spirit   .   b - +1 leather armour
rPois    .         Reflect  .   (no helmet)
rElec    .         Harm     .   (no cloak)
rCorr    .         Rampage  .   (no gloves)
Will     .....                  (no boots)
Stlth    ++........             (no amulet)
HPRegen  0.37/turn              (no ring)
MPRegen  0.11/turn              (no ring)

@: healing quickly
A: alive, fangs 3, see invisible, vampiric 2
a: Exsanguinate, Renounce Religion


You were on level 6 of the Dungeon.
You worshipped Dithmenos.
Dithmenos was noncommittal.
You visited 2 branches of the dungeon, and saw 7 of its levels.

You collected 161 gold pieces.

Inventory:

Hand Weapons
 a - a +0 shortbow
 h - a +0 short sword (weapon)
Armour
 b - a +1 leather armour (worn)
 d - a +1 robe
Jewellery
 g - an amulet of magic regeneration
Scrolls
 f - 4 scrolls of identify
 i - a scroll of magic mapping
Potions
 e - a potion of heal wounds
 j - a potion of lignification


   Skills:
 + Level 2.6 Fighting
 + Level 1.9 Short Blades
 + Level 4.9 Bows
 + Level 3.4 Dodging
 + Level 1.8 Stealth
 + Level 1.2 Spellcasting
 + Level 5.5 Hexes


You had 4 spell levels left.
You knew the following spells:

 Your Spells              Type           Power      Damage    Failure   Level
a - Corona                Hex            16%        N/A       4%          1
b - Inner Flame           Hex/Fire       8%         N/A       36%         3

Your spell library contained the following spells:

 Spells                   Type           Power      Damage    Failure   Level
 Slow                     Hex            15%        N/A       6%          2
 Confusing Touch          Hex            15%        N/A       12%         3
 Portal Projectile        Hex/Tloc       16%        N/A       36%         3
 Summon Guardian Golem    Hex/Summ       8%         N/A       36%         3
 Summon Small Mammal      Summ           0%         N/A       38%         1
 Cause Fear               Hex            7%         N/A       38%         4
 Call Canine Familiar     Summ           0%         N/A       77%         3
 Vampiric Draining        Necr           0%         2d6       77%         3


Dungeon Overview and Level Annotations

Branches:
Dungeon (6/15)             Temple (1/1) D:4

Altars:
Ashenzari
Cheibriados
Dithmenos
Elyvilon
Fedhas
Gozag
Hepliaklqana
Kikubaaqudgha
Nemelex Xobeh
Qazlal
Ru
Sif Muna
Trog
Uskayaw
Vehumet
Wu Jian
Yredelemnul
The Shining One


Innate Abilities, Weirdness & Mutations

Your natural rate of healing is accelerated.
You have razor-sharp teeth.
You have supernaturally acute eyesight. (SInv)
You are afflicted with vampirism and can become a bat while bloodless.


Message History

The ice beast is heavily wounded.
The ice beast closely misses you.
You hit the ice beast.
The ice beast is heavily wounded.
The ice beast hits you. The ice beast freezes you!
You hit the ice beast but do no damage.
The ice beast is heavily wounded.
The ice beast barely misses you.
You barely miss the ice beast.
The ice beast is heavily wounded.
The ice beast closely misses you.
You hit the ice beast.
The ice beast is severely wounded.
The ice beast hits you but does no damage.
You hit the ice beast but do no damage.
The ice beast is severely wounded.
The ice beast hits you. The ice beast freezes you!
You are too injured to fight recklessly!
You are too injured to fight recklessly!
You are too injured to fight recklessly!
You are too injured to fight recklessly!
You hit the ice beast.
The ice beast is severely wounded.
The ice beast hits you but does no damage.
You hit the ice beast but do no damage.
The ice beast is severely wounded.
The ice beast stops glowing.
The ice beast closely misses you.
You hit the ice beast but do no damage.
The ice beast is severely wounded.
The ice beast hits you. The ice beast freezes you!
* * * LOW HITPOINT WARNING * * *
You barely miss the ice beast. Your bite misses the ice beast.
The ice beast is severely wounded.
The ice beast hits you but does no damage.
You hit the ice beast. You bite the ice beast.
The ice beast is almost dead.
The ice beast hits you.
* * * LOW HITPOINT WARNING * * *
The ice beast freezes you.
You die...

..... ..# #.#
..... #.# #.#
#...####.#####.#
#..............#
#....###.#####.#
#.......#####.#
#.............#
##....#######.#
......#@# #.#
###.....Y(..#
#.# #.###.###.#
#.# #. #$# #.. #
... .#. # #


You could see an ice beast.

Vanquished Creatures
  An ogre (D:5)
  A howler monkey (D:4)
  2 hounds
  An orc priest (D:3)
  An iguana (D:5)
  Jessica (D:3)
  3 orc wizards
  7 adders
  A shadow imp (D:5)
  2 worms (D:3)
  2 dart slugs
  13 orcs
  4 endoplasms
  2 giant cockroaches
  6 hobgoblins
  6 jackals
  2 quokkas
  7 ball pythons
  6 bats
  5 frilled lizards
  3 goblins
  3 kobolds
  9 rats
88 creatures vanquished.

Vanquished Creatures (collateral kills)
  A bullfrog (D:5)
  A howler monkey (D:5)
  An iguana (D:5)
  4 orcs (D:5)
7 creatures vanquished.

Grand Total: 95 creatures vanquished

Notes
Turn   | Place    | Note
-------+----------+-------------------------------------------
     0 | D:1      | kobby the Vampire Arcane Marksman began the quest for the
                  | Orb.
     0 | D:1      | Reached XP level 1. HP: 14/14 MP: 2/2
    86 | D:1      | Reached skill level 5 in Hexes
    87 | D:1      | Reached XP level 2. HP: 20/20 MP: 3/3
   185 | D:1      | Found a faded altar of an unknown god.
   538 | D:1      | Reached skill level 1 in Fighting
  1098 | D:2      | Gained mutation: You are afflicted with vampirism and can
                  | become a bat while bloodless. [Vampire growth]
  1098 | D:2      | Reached XP level 3. HP: 17/26 MP: 2/4
  1301 | D:2      | Reached skill level 1 in Stealth
  1945 | D:3      | Noticed Jessica
  1950 | D:3      | Killed Jessica
  1951 | D:3      | Reached XP level 4. HP: 32/32 MP: 2/5
  2084 | D:3      | Found a sparkling altar of Nemelex Xobeh.
  2705 | D:3      | Reached XP level 5. HP: 37/37 MP: 4/6
  3283 | D:3      | Learned a level 3 spell: Inner Flame
  3619 | D:4      | Found a staircase to the Ecumenical Temple.
  3635 | Temple   | Entered the Ecumenical Temple
  3701 | Temple   | Became a worshipper of Dithmenos the Shadowed
  3733 | D:4      | Reached XP level 6. HP: 28/44 MP: 5/7
  3899 | D:4      | Found an ancient bone altar of Kikubaaqudgha.
  3939 | D:4      | Found a sacrificial altar of Ru.
  3941 | D:4      | Found an ornate altar of the Wu Jian Council.
  4137 | D:4      | Found a hide-covered altar of Uskayaw.
  4138 | D:4      | Found a broken altar of Ashenzari.
  4193 | D:5      | Entered Level 5 of the Dungeon
  4373 | D:5      | Reached skill level 1 in Short Blades
  4389 | D:5      | Reached XP level 7. HP: 21/51 MP: 2/8
  4916 | D:6      | Slain by an ice beast

Illustrated notes

Levels and vault maps discovered:
D:1:      minmay_arrival_glassed_features, layout_loops_corners,
          ebering_ecumenical_altar_sacrificial, serial_rivers,
          chequers_serial_rivers_small_3, chequers_serial_rivers_small_3,
          chequers_serial_rivers_micro_e, chequers_serial_rivers_small_3,
          chequers_serial_rivers_micro_b, minmay_tiny_reverse_x
D:2:      layout_basic, chequers_serial_rivers_room_b
D:3:      layout_loops_corners, nemelex_xobeh_ov_fountains_minmay,
          corexii_hall_statues_t, uniq_jessica
D:4:      layout_cave_pools, nicolae_kikubaaqudgha_miasma_corner,
          mainiacjoe_overflow_alcove_3, minmay_temple_entry_butterflies
D:5:      wander_river, layout_cave_pods, hangedman_decor_peaks_small,
          uniq_crazy_yiuf_cottage
D:6:      layout_loops_ring, mainiacjoe_overflow_alcove_4, minmay_checkerbox
Temple:   nicolae_temple_hex_pool

Skill      XL: |  1  2  3  4  5  6 |
---------------+-------------------+-----
Hexes          | 5 |  5.5
Fighting       | 1 2 |  2.6
Bows           | 2 3 4 |  4.9
Stealth        | 1 |  1.8
Dodging        | 3 |  3.4
Short Blades   | 1 |  1.9
Spellcasting   | |  1.2

Action                   |  1- 3 |  4- 6 |  7- 9 || total
-------------------------+-------+-------+-------++-------
Melee: Short sword       |       |    38 |    14 ||    52
       Bite              |       |     1 |     1 ||     2
 Fire: Shortbow          |   108 |   181 |    21 ||   310
 Cast: Corona            |     6 |    13 |     4 ||    23
  Use: Scroll            |       |     6 |     2 ||     8
       Potion            |       |     8 |       ||     8
 Stab: Sleeping          |       |     1 |       ||     1
Armor: Robe              |     9 |    23 |     1 ||    33
       Skin              |       |    12 |       ||    12
       Leather armour    |       |       |     4 ||     4
Dodge: Dodged            |    28 |    99 |    14 ||   141
